 Dungeon Crawl Stone Soup version 0.24.0-13-gcf9b319 (webtiles) character file.

Game seed: 5406573480081098051, levelgen mode: deterministic

1376 Bronimir the Stinger (level 8, -2/57 HPs)
             Began as a Formicid Venom Mage on Apr 25, 2020.
             Slain by a bullfrog skeleton (3 damage)
             ... on level 6 of the Dungeon on Apr 26, 2020.
             The game lasted 00:27:56 (8800 turns).

Bronimir the Stinger (Formicid Venom Mage)          Turns: 8800, Time: 00:27:56

Health: -2/57      AC:  5    Str: 14    XL:     8   Next: 98%
Magic:  11/14      EV: 11    Int: 16    God:
Gold:   239        SH:  0    Dex: 11    Spells: 3/15 levels left

rFire    . . .     SeeInvis +   a - +1 spear
rCold    . . .     Gourm    +   (no shield)
rNeg     . . .     Faith    .   j - +0 ring mail
rPois    .         Spirit   .   (helmet unavailable)
rElec    .         Reflect  .   (no cloak)
rCorr    .         Harm     .   (no gloves)
MR       .....                  (no boots)
Stlth    ++........             q - amulet of the gourmand
HPRegen  0.19/turn              t - ring of see invisible
MPRegen  0.14/turn              (no ring)

@: no status effects
A: permanent stasis, dig shafts and tunnels, four strong arms, antennae 3
a: Dig, Shaft Self


You were on level 6 of the Dungeon.
You were full.

You visited 1 branch of the dungeon, and saw 6 of its levels.

You collected 239 gold pieces.

Inventory:

Hand Weapons
 a - a +1 spear (weapon)
 b - a +0 hand axe
 u - a -3 scimitar
Missiles
 d - 153 stones
 h - 54 arrows
 m - 23 poisoned darts (quivered)
 n - 7 javelins
 x - 33 bolts
 y - 12 sling bullets
Armour
 e - a +0 robe
 j - a +0 ring mail (worn)
 r - a +0 leather armour
 w - a +0 ring mail
Jewellery
 p - a +3 amulet of reflection
 q - an amulet of the gourmand (around neck)
 t - a ring of see invisible (left hand)
Wands
 g - a wand of flame (6)
Scrolls
 f - 5 scrolls of identify
 i - 2 scrolls of magic mapping
 k - a scroll of random uselessness {unknown}
 l - a scroll of torment {unknown}
Comestibles
 c - 8 rations


   Skills:
 * Level 2.8 Fighting
 * Level 4.0 Polearms
 * Level 3.6 Armour
 + Level 3.1 Dodging
 - Level 3.8 Stealth
 + Level 4.1 Spellcasting
 * Level 3.0 Conjurations
 * Level 1.9 Hexes
 * Level 1.4 Necromancy
 - Level 1.1 Air Magic
 * Level 6.8 Poison Magic


You had 3 spell levels left.
You knew the following spells:

 Your Spells              Type           Power        Failure   Level  Hunger
a - Sting                 Conj/Pois      ###.         4%          1    None
b - Poisonous Vapours     Pois/Air       ###...       10%         2    ##.....
c - Mephitic Cloud        Conj/Pois/Air  ###.....     22%         3    ###....
d - Olgreb's Toxic Radia  Pois           ####....     19%         4    ####...
e - Confusing Touch       Hex            #.....       16%         1    None
f - Animate Skeleton      Necr           N/A          19%         1    None

Your spell library contained the following spells:

 Spells                   Type           Power        Failure   Level  Hunger
 Apportation              Tloc           #.....       32%         1    None
 Summon Small Mammal      Summ           #...         32%         1    None
 Venom Bolt               Conj/Pois      ###.......   75%         5    ######.


Dungeon Overview and Level Annotations

Branches:
Dungeon (6/15)
 Temple: D:4-7

Altars:
Elyvilon
Fedhas
Qazlal
Xom
Yredelemnul


Innate Abilities, Weirdness & Mutations

You cannot be hasted, slowed, berserked, paralysed or teleported.
You can dig through walls and to a lower floor.
Your four strong arms can wield two-handed weapons with a shield.
You have a pair of large antennae on your head. (SInv)


Message History

The ball explodes into a vile cloud!
The stinking cloud engulfs the centaur but does no damage.
The centaur is severely wounded.
The bullfrog skeleton hits you.
* * * LOW HITPOINT WARNING * * *
The centaur is engulfed in noxious fumes.
The centaur appears confused.
A worker ant comes into view.
The jelly barely misses you.
The bullfrog skeleton closely misses you.
You aren't carrying any potions.
The centaur looks more healthy.
The bullfrog skeleton hits you but does no damage.
The bullfrog skeleton hits you.
* * * LOW HITPOINT WARNING * * *
You aren't carrying any potions.
Okay, then.
Are you sure you want to shaft yourself?
You feel quite a bit less full. The bullfrog skeleton hits you.
You die...

##% #$#.....#...
...#####.##........
..?..#.............
..c...##.........##
......<#..((......#
.........<(.....#
........(...>..##
...........Ja.###
...#.......Z@...#
........##?.........
###..##.#..#.....##.
#.. ...........# ##
.....(....###
#...##....#.#
#.........#.. ....
...###...


You could see a jelly, a worker ant and a bullfrog skeleton.

Vanquished Creatures
  Eustachio (D:4)
  4 ogres
  A scorpion (D:2)
  A howler monkey (D:4)
  A jelly (D:5)
  2 bullfrog zombies (D:5)
  A bullfrog skeleton (D:4)
  A centaur skeleton (D:5)
  4 orc priests
  A hound (D:4)
  2 orc wizards
  2 iguanas
  Terence (D:2)
  Natasha (thrice) (D:2)
  2 worker ants
  A hound zombie (D:5)
  Robin (D:2)
  9 adders
  A shadow imp (D:5)
  An ooze (D:3)
  2 worms
  5 dart slugs
  6 leopard geckos
  18 orcs
  5 giant cockroaches
  12 goblins
  10 hobgoblins
  3 quokkas (D:4)
  3 ball pythons
  8 bats
  7 frilled lizards
  8 kobolds
  A leopard gecko skeleton (D:4)
  11 rats
139 creatures vanquished.

Notes
Turn   | Place    | Note
-------+----------+-------------------------------------------
     0 | D:1      | Bronimir the Formicid Venom Mage began the quest for the
                  | Orb.
     0 | D:1      | Reached XP level 1. HP: 13/13 MP: 3/3
   523 | D:1      | Reached XP level 2. HP: 8/19 MP: 0/5
  1213 | D:1      | Learned a level 2 spell: Poisonous Vapours
  1273 | D:1      | Reached XP level 3. HP: 18/25 MP: 1/6
  1719 | D:2      | Reached skill level 1 in Conjurations
  1756 | D:2      | Noticed Terence
  1772 | D:2      | Killed Terence
  1772 | D:2      | Reached XP level 4. HP: 7/31 MP: 1/7
  2011 | D:2      | Learned a level 3 spell: Mephitic Cloud
  2206 | D:2      | Reached skill level 1 in Polearms
  2206 | D:2      | Reached XP level 5. HP: 21/36 MP: 2/9
  2370 | D:2      | Reached skill level 5 in Poison Magic
  2376 | D:2      | Noticed Natasha
  2458 | D:2      | Killed Natasha
  2539 | D:2      | Noticed Natasha
  2560 | D:2      | Reached skill level 1 in Fighting
  2572 | D:2      | Killed Natasha
  2667 | D:2      | Noticed Natasha
  2675 | D:2      | Killed Natasha
  2675 | D:2      | Reached XP level 6. HP: 38/43 MP: 2/10
  3009 | D:2      | Noticed Robin
  3026 | D:2      | Killed Robin
  3490 | D:2      | Learned a level 4 spell: Olgreb's Toxic Radiance
  3524 | D:2      | Reached skill level 1 in Air Magic
  4746 | D:3      | Reached XP level 7. HP: 15/48 MP: 6/11
  5372 | D:4      | Reached skill level 1 in Armour
  5636 | D:3      | Reached skill level 6 in Poison Magic
  6010 | D:4      | Noticed Eustachio
  6636 | D:4      | Killed Eustachio
  6636 | D:4      | Reached XP level 8. HP: 31/57 MP: 2/13
  6783 | D:4      | Learned a level 1 spell: Confusing Touch
  6785 | D:4      | Learned a level 1 spell: Animate Skeleton
  6845 | D:4      | HP: 1/57 [bullfrog skeleton (3)]
  7162 | D:4      | Reached skill level 1 in Necromancy
  7325 | D:5      | Entered Level 5 of the Dungeon
  7401 | D:5      | Reached skill level 1 in Hexes
  8563 | D:5      | Found a blossoming altar of Fedhas.
  8563 | D:5      | Found a basalt altar of Yredelemnul.
  8564 | D:5      | Found a white marble altar of Elyvilon.
  8565 | D:5      | Found a stormy altar of Qazlal.
  8565 | D:5      | Found a shimmering altar of Xom.
  8797 | D:6      | HP: 1/57 [bullfrog skeleton (4)]
  8800 | D:6      | Slain by a bullfrog skeleton

Levels and vault maps discovered:
D:1:      eino_arrival_cavern_c, layout_basic
D:2:      minmay_recursive_quarters, layout_basic, uniq_natasha, uniq_robin,
          uniq_terence
D:3:      layout_loops_corners
D:4:      cheibrodos_helix_gallery, layout_basic, uniq_eustachio
D:5:      layout_loops_ring, grunt_temple_overflow_open, first_ration,
          hangedman_glass_teeth
D:6:      layout_cave_pools, gammafunk_temple_overflow_elements,
          nicolae_overflow_crystal_walls, okawaru_altar_gauntlet_db

Skill      XL: |  1  2  3  4  5  6  7  8 |
---------------+-------------------------+-----
Stealth        | 3 |  3.8
Dodging        | 2 3 |  3.1
Conjurations   | 1 2 3 |  3.0
Polearms       | 1 2 3 4 |  4.0
Poison Magic   | 5 6 |  6.8
Fighting       | 1 2 |  2.8
Spellcasting   | 3 4 |  4.1
Air Magic      | 1 |  1.1
Armour         | 2 3 |  3.6
Necromancy     | 1 |  1.4
Hexes          | 1 |  1.9

Action                   |  1- 3 |  4- 6 |  7- 9 || total
-------------------------+-------+-------+-------++-------
Melee: Spear             |    42 |   182 |   286 ||   510
       Unarmed           |     8 |       |       ||     8
 Cast: Sting             |    34 |    27 |     2 ||    63
       Poisonous Vapours |     7 |    38 |    39 ||    84
       Mephitic Cloud    |       |     6 |    10 ||    16
 Abil: Dig               |       |     1 |     2 ||     3
       Shaft Self        |       |       |     1 ||     1
  Use: Potion            |       |     1 |     2 ||     3
       Scroll            |       |       |     9 ||     9
 Stab: Sleeping          |     1 |     2 |     1 ||     4
       Confused          |       |     4 |     2 ||     6
  Eat: Chunk             |     3 |    13 |    22 ||    38
Armor: Robe              |     4 |    20 |       ||    24
       Leather armour    |       |     7 |    27 ||    34
       Ring mail         |       |       |    56 ||    56
Dodge: Dodged            |    37 |   113 |   175 ||   325
Block: Other             |       |    10 |    14 ||    24
       Reflection        |       |       |     1 ||     1
